 Dungeon Crawl Stone Soup version 0.26-a0-712-ga5a9c9c9d0 (webtiles) character file.

Game seed: 4153150168712321063

2037 ringo67 the Covert (level 9, -4/56 HPs)
             Began as a Kobold Brigand on Oct 31, 2020.
             Was a Follower of Uskayaw.
             Slain by a shadow (19 damage)
             ... on level 10 of the Dungeon.
             The game lasted 00:17:58 (9119 turns).

ringo67 the Covert (Kobold Brigand)                 Turns: 9119, Time: 00:18:00

Health: -4/56      AC: 10    Str:  9    XL:     9   Next: 48%
Magic:  9/9        EV: 19    Int: 12    God:    Uskayaw [*.....]
Gold:   420        SH:  0    Dex: 19    Spells: 8/8 levels left

rFire    . . .     SeeInvis .   a - +4 dagger (venom)
rCold    . . .     Faith    .   (shield restricted)
rNeg     + . .     Spirit   .   r - +3 leather armour
rPois    .         Reflect  .   u - +0 helmet
rElec    .         Harm     .   c - +0 cloak
rCorr    .         Rampage  .   (no gloves)
MR       .....                  h - +1 pair of boots
Stlth    +++++.....             (no amulet)
HPRegen  0.18/turn              q - ring of positive energy
MPRegen  0.11/turn              t - ring of flight

@: no status effects
A: small, nightstalker 3
a: Stomp, Renounce Religion, Evoke Flight


You were on level 10 of the Dungeon.
You worshipped Uskayaw.
Uskayaw was noncommittal.
You visited 2 branches of the dungeon, and saw 9 of its levels.
You also visited: Ossuary.

You collected 420 gold pieces.

Inventory:

Hand Weapons
 a - a +4 dagger of venom (weapon)
 b - the +7 falchion of the Dwarven Hall {antimagic, MR+ Int+2}
   (You found it on level 6 of the Dungeon)

   It reduces the magical energy of the wielder, and disrupts the spells and
   magical abilities of those hit.
   Natural abilities and divine invocations are not affected.
   It affects your intelligence (+2).
   It affects your resistance to hostile enchantments.
 v - a +2 dagger
Missiles
 d - 52 poisoned darts (quivered)
Armour
 c - a +0 cloak (worn)
 h - a +1 pair of boots (worn)
 r - a +3 leather armour (worn)
 u - a +0 helmet (worn)
 A - a +2 robe
Jewellery
 q - a ring of positive energy (left hand)
 t - a ring of flight (right hand)
 y - an uncursed ring of positive energy
Wands
 f - a wand of acid (10)
 g - a wand of random effects (21)
 s - a wand of flame (26)
 B - a wand of enslavement (6)
 C - a wand of polymorph (9)
Scrolls
 j - a scroll of silence
 k - 3 scrolls of identify
 m - 6 scrolls of remove curse
 p - 3 scrolls of teleportation
 F - 3 scrolls of amnesia
Potions
 i - 4 potions of heal wounds
 l - 2 potions of haste
 n - 4 potions of curing
 o - 2 potions of flight {unknown}
 w - 2 potions of invisibility {unknown}
 x - 2 potions of might {unknown}
 z - a potion of degeneration {unknown}
 D - a potion of resistance {unknown}
 E - 3 potions of brilliance {unknown}


   Skills:
 + Level 6.8 Fighting
 - Level 6.0 Short Blades
 - Level 2.1 Throwing
 + Level 7.1 Dodging
 + Level 9.9 Stealth
 + Level 4.7 Evocations


You had 8 spell levels left.
You didn't know any spells.
Your spell library contained the following spells:

 Spells                   Type           Power        Failure   Level
 Beastly Appendage        Tmut           #.....       43%         1
 Wereblood                Tmut           #.......     56%         2
 Spider Form              Tmut/Pois      #.........   80%         3
 Ice Form                 Ice/Tmut       #.......     99%         4
 Blade Hands              Tmut           #.........   100%        5


Dungeon Overview and Level Annotations

Branches:
Dungeon (7/15)             Temple (1/1) D:5         Ossuary (visited)

Altars:
Dithmenos
Fedhas
Gozag
Hepliaklqana
Okawaru
Qazlal
Sif Muna
Uskayaw
Vehumet
Wu Jian
Xom
Zin
The Shining One
Lugonu

Shops:
D:5 [=   D:7 !


Innate Abilities, Weirdness & Mutations

You are small and have problems with some larger weapons.
You are completely attuned to the shadows.


Message History

The two-headed ogre looks as sick as possible!
The two-headed ogre is heavily wounded.
The two-headed ogre is no longer moving slowly.
The shadow strikes at you from the darkness!
Reactivating autopickup.
The shadow slips into darkness.
The shadow flickers and vanishes!
Deactivating autopickup; reactivate with Ctrl-A.
You hit the two-headed ogre.
The two-headed ogre is severely wounded.
The two-headed ogre completely misses you.
The two-headed ogre hits you with a +0 dire flail!
* * * LOW HITPOINT WARNING * * *
You hit the two-headed ogre.
The two-headed ogre looks as sick as possible!
The two-headed ogre is almost dead.
The two-headed ogre misses you.
The two-headed ogre hits you but does no damage.
The shadow strikes at you from the darkness!
You die...

#......#
####......####
#............#
#............#
#............#
#............#
######............#
#....O{...........#
#....@....#########
#.........#
###.......#
#(......# #.......#
#.......# #.......#
#.......# #.......#


You could see a two-headed ogre (extremely poisoned).

Vanquished Creatures
  Grinder (D:3)
  Sigmund (D:4)
  Menkaure (D:4)
  An orc warrior (D:6)
  2 sky beasts
  An ogre (D:6)
  A phantom (D:6)
  3 centaurs (D:6)
  A bullfrog (D:6)
  A centaur zombie (D:6)
  A jelly (D:7)
  A bullfrog skeleton (D:5)
  2 hounds (D:6)
  2 quasits
  A centaur skeleton (D:7)
  3 orc wizards
  Ijyb (D:4)
  An iguana (D:6)
  4 worker ants
  A hound skeleton (D:5)
  4 mummies (Ossuary)
  4 gnolls
  A howler monkey skeleton (D:3)
  7 adders
  A shadow imp (D:5)
  An ufetubus (D:10)
  2 adder skeletons
  3 worms
  3 dart slugs
  A leopard gecko (D:2)
  10 orcs
  10 bats
  3 giant cockroaches
  4 gnoll zombies (Ossuary)
  8 goblins
  11 hobgoblins
  4 jackals
  3 quokkas
  3 ball pythons
  4 frilled lizards
  4 gnoll skeletons (Ossuary)
  5 goblin skeletons (Ossuary)
  3 goblin zombies (Ossuary)
  4 hobgoblin skeletons (Ossuary)
  2 hobgoblin zombies (Ossuary)
  A jackal skeleton (D:4)
  4 kobolds
  5 kobold skeletons (Ossuary)
  4 kobold zombies (Ossuary)
  A leopard gecko skeleton (D:7)
  2 orc skeletons (Ossuary)
  7 orc zombies (Ossuary)
  11 rats
  5 rat skeletons (Ossuary)
  5 rat zombies (Ossuary)
180 creatures vanquished.

Notes
Turn   | Place    | Note
-------+----------+-------------------------------------------
     0 | D:1      | ringo67 the Kobold Brigand began the quest for the Orb.
     0 | D:1      | Reached XP level 1. HP: 12/12 MP: 1/1
    61 | D:1      | Reached XP level 2. HP: 18/18 MP: 2/2
   294 | D:1      | Reached XP level 3. HP: 20/22 MP: 3/3
  1357 | D:2      | Reached XP level 4. HP: 27/27 MP: 4/4
  1430 | D:2      | Reached skill level 6 in Stealth
  1943 | D:2      | Found a shimmering blue altar of Sif Muna.
  2067 | D:3      | Reached XP level 5. HP: 32/32 MP: 5/5
  2196 | D:3      | Noticed Grinder
  2199 | D:3      | Killed Grinder
  2199 | D:3      | Reached skill level 7 in Stealth
  2199 | D:3      | Reached XP level 6. HP: 38/38 MP: 6/6
  2266 | D:3      | Reached skill level 5 in Short Blades
  2518 | D:3      | Reached XP level 7. HP: 43/43 MP: 7/7
  2778 | D:3      | Found a faded altar of an unknown god.
  3025 | D:4      | Noticed Sigmund
  3029 | D:4      | Killed Sigmund
  3089 | D:4      | Noticed Ijyb
  3093 | D:4      | Killed Ijyb
  3662 | D:4      | Noticed Menkaure
  3666 | D:4      | Killed Menkaure
  3666 | D:4      | Reached skill level 5 in Fighting
  3666 | D:4      | Reached skill level 5 in Dodging
  3666 | D:4      | Reached skill level 8 in Stealth
  3666 | D:4      | Reached XP level 8. HP: 49/49 MP: 8/8
  3798 | D:5      | Entered Level 5 of the Dungeon
  3845 | D:5      | Found Cotheihi's Armour Shoppe.
  3971 | D:5      | Found a sand-covered staircase.
  3980 | Ossuary  | Entered an ossuary
  4624 | Ossuary  | Reached skill level 1 in Evocations
  5271 | D:5      | Found Meacw's Jewellery Boutique.
  5317 | D:5      | Found a staircase to the Ecumenical Temple.
  5323 | Temple   | Entered the Ecumenical Temple
  5362 | Temple   | Became a worshipper of Uskayaw the Reveler
  5440 | D:5      | Reached * piety under Uskayaw
  5544 | D:5      | Found a glowing silver altar of Zin.
  6635 | D:6      | Reached ** piety under Uskayaw
  6645 | D:6      | Reached *** piety under Uskayaw
  7025 | D:6      | Reached skill level 9 in Stealth
  7336 | D:6      | Reached XP level 9. HP: 47/55 MP: 9/9
  7356 | D:6      | Found an opulent altar of Gozag.
  7876 | D:6      | Got a brightly glowing falchion
  7879 | D:6      | Identified the +7 falchion of the Dwarven Hall {antimagic,
                  | MR+ Int+2} (You found it on level 6 of the Dungeon)
  8689 | D:7      | Found a shimmering altar of Xom.
  8824 | D:7      | Found Xaag's Distillery.
  8914 | D:7      | You fall into a shaft and drop 3 floors!
  8914 | D:10     | Entered Level 10 of the Dungeon
  9088 | D:10     | Noticed a two-headed ogre
  9119 | D:10     | Slain by a shadow

Illustrated notes

Levels and vault maps discovered:
D:1:      dpeg_arrival_subterranean_lakeside_camping, layout_rooms,
          serial_co_window_serial, co_window_paths_b, co_window_corner_a,
          co_window_corner_a, co_window_paths_a, co_window_corner_a,
          co_window_2corner, co_window_cross_2, co_window_unsneaky_path_c,
          co_window_2corner, co_window_corner_cb, co_window_paths_e,
          co_window_4corner_a, glass_columns_b, glass_columns_a, glass_columns_a
D:2:      layout_rooms, lemuel_round_altar
D:3:      layout_loops_ring, chequers_ecumenical_altar_twisty, uniq_grinder
D:4:      layout_cave_pods, hangedman_decor_lopped, uniq_sigmund, uniq_ijyb,
          uniq_menkaure
D:5:      layout_basic, lemuel_coloured_pillars_altar, lemuel_temple_firewalk_b,
          serial_shops, shop, shop, enter_ossuary_1
D:6:      layout_basic, grunt_gozag_breadcrumbs, grunt_ministairs_11
D:7:      layout_layer_cave, lemuel_round_altar, old_standard_altar,
          amethyst_overflow_temple_binary, serial_shops, shop,
          patterned_corridor, uniq_harold, uniq_pikel
D:10:     layout_basic, evilmike_minifort
Temple:   corrupted_temple

Skill      XL: |  1  2  3  4  5  6  7  8  9 |
---------------+----------------------------+-----
Short Blades   | 3 4 5 6 |  6.0
Dodging        | 2 3 4 5 6 7 |  7.1
Fighting       | 3 4 5 6 |  6.8
Stealth        | 6 7 8 9 |  9.9
Evocations     | 3 4 |  4.7
Throwing       | |  2.1

Action                   |  1- 3 |  4- 6 |  7- 9 || total
-------------------------+-------+-------+-------++-------
Melee: Dagger            |    78 |    81 |   470 ||   629
Throw: Dart              |     8 |     3 |     4 ||    15
  Use: Scroll            |       |       |    17 ||    17
 Stab: Sleeping          |    19 |    20 |    25 ||    64
       Distracted        |       |       |     1 ||     1
Armor: Robe              |     9 |     9 |    42 ||    60
       Skin              |       |       |     2 ||     2
       Leather armour    |       |       |     6 ||     6
Dodge: Dodged            |    46 |    43 |   233 ||   322

Table legend: (Time is in decaauts)
 A = Elapsed time spent in this place.
 B = Non-inter-level travel time spent in this place.
 C = Inter-level travel time spent in this place.
 D = Time resting spent in this place.
 E = Time spent auto-exploring this place.
 F = Levels seen in this place.
 G = Mean time per level.
                   A        B        C        D        E       F      G
               +--------+--------+--------+--------+--------+-----+--------+
         Total |   8950 |   8563 |    387 |   1463 |   5388 |  10 |  895.0 |
       Dungeon |   7727 |   7340 |    387 |   1084 |   4924 |   8 |  965.9 |
        Temple |     56 |     56 |      0 |      0 |      0 |   1 |   56.0 |
       Ossuary |   1165 |   1165 |      0 |    379 |    464 |   1 | 1165.0 |
               +--------+--------+--------+--------+--------+-----+--------+

Top non-repeatable levels by time:
     D:6: 1664 daAuts
     D:5: 1659 daAuts
     D:1: 1285 daAuts
 Ossuary: 1165 daAuts
     D:4: 988 daAuts
     D:3: 785 daAuts
     D:2: 756 daAuts
     D:7: 388 daAuts
    D:10: 199 daAuts
  Temple: 56 daAuts
